 Dungeon Crawl Stone Soup version 0.14-a0-2124-ga163777 (webtiles) character file.

159 Mitsuki the Covert (level 4, -5/22 HPs)
             Began as a Spriggan Assassin on Jan 27, 2014.
             Was an Initiate of Dithmengos.
             Slain by Faustar's ghost (13 damage)
             ... on Level 4 of the Dungeon.
             The game lasted 00:05:50 (3802 turns).

Mitsuki the Covert (Spriggan Assassin)              Turns: 3802, Time: 00:05:50

HP  -5/22        AC  3     Str  8      XL: 4   Next: 25%
MP   8/8         EV 17     Int 12      God: Dithmengos [......]
Gold 74          SH  0     Dex 17      Spells:  0 memorised,  3 levels left

rFire  . . .     SeeInvis +     a - +2 dagger
rCold  . . .     Clarity  .     c - +0 robe
rNeg   . . .     Conserve .     (shield restricted)
rPois  .         rCorr    .     (helmet restricted)
rElec  .         rRot     .     d - +0 cloak
SustAb . .       Spirit   .     (gloves unavailable)
rMut   .         Warding  .     (boots unavailable)
Saprov . . .     Stasis   .     (no amulet)
MR     .....                    (no ring)
                                (no ring)

@: very quick, not resistant to hostile enchantments, very stealthy
A: unfitting armour, see invisible, herbivore 3, speed 3, slow metabolism 2
a: Renounce Religion


You were on level 4 of the Dungeon.
You worshipped Dithmengos.
Dithmengos was noncommittal.
You were full.

You visited 2 branches of the dungeon, and saw 5 of its levels.

You collected 74 gold pieces.

Inventory:

Hand weapons
 a - a +2,+2 dagger (weapon)
 b - a +0 blowgun
Missiles
 e - 8 poisoned needles
 f - 2 curare-tipped needles
Armour
 c - a +0 robe (worn)
 d - a +0 cloak (worn)
Comestibles
 p - a bread ration
Scrolls
 h - 4 scrolls of identify {unknown}
 k - a scroll of random uselessness {unknown}
 l - 2 scrolls of curse jewellery {unknown}
 m - a scroll of remove curse {unknown}
 n - a scroll of amnesia {unknown}
 o - a scroll of recharging {unknown}
Jewellery
 j - an uncursed amulet of the gourmand {unknown}
Potions
 i - a potion of curing
Books
 q - a book of Fire

   Spells                             Type                      Level
   Fire Brand                         Charms/Fire                  2
   Ignite Poison                      Fire/Transmutation           5
   Fireball                           Conjuration/Fire             5
   Bolt of Fire                       Conjuration/Fire             6
   Delayed Fireball                   Conjuration/Fire             7
   Ring of Flames                     Charms/Fire                  7
   Dithmengos disapproves of the use of such an item.


   Skills:
 - Level 1.5 Fighting
 - Level 2.1 Short Blades
 - Level 2.1 Throwing
 - Level 1.5 Dodging
 + Level 8.8 Stealth


You had 3 spell levels left.
You didn't know any spells.

Dungeon Overview and Level Annotations

Branches:
Dungeon (4/16)             Temple (1/1) D:4

Altars:
Ashenzari
Cheibriados
Dithmengos
Elyvilon
Fedhas
Kikubaaqudgha
Nemelex Xobeh
Sif Muna
Vehumet
Xom
Yredelemnul
Zin
The Shining One

Annotations:
D:4 Faustar's ghost, experienced DDFi


Innate Abilities, Weirdness & Mutations

You are tiny and cannot use many weapons and most armour.
You have supernaturally acute eyesight.
You are a herbivore.
You cover ground extremely quickly.
You need consume almost no food.


Message History

You miss the butterfly.
The butterfly is severely wounded.
You barely miss the butterfly.
The butterfly is severely wounded.
You miss the butterfly.
The butterfly is severely wounded.
Faustar's ghost barely misses you.
You miss the butterfly.
The butterfly is severely wounded.
Faustar's ghost closely misses you.
You completely miss the butterfly.
The butterfly is severely wounded.
You completely miss the butterfly.
The butterfly is severely wounded.
Faustar's ghost closely misses you.
You completely miss the butterfly.
The butterfly is severely wounded.
Faustar's ghost hits you!
Ouch! That really hurt!
You die...

#........ #.####### #.# #####
######.###### ....# #...........#
....# #...........# ....#
#......%....#
....########################.####
....'..(.....ggp@b...............
....########################.#...
....# ###################.#.##
....# #.............?.........
...#######.######################
...#.........................# #
####.........................#
$..g.........................####
###....g........................#


You could see Faustar's ghost, a gnoll and a goblin.

Vanquished Creatures
  A worker ant (D:4)
  3 adders
  4 bats (D:1)
  3 giant cockroaches (D:1)
  5 goblins
  3 hobgoblins
  4 kobolds
  2 giant geckos
  A giant gecko skeleton (D:4)
  4 giant newts
  A quokka (D:2)
  5 rats
36 creatures vanquished.

Notes
Turn   | Place    | Note
--------------------------------------------------------------
     0 | D:1      | Mitsuki, the Spriggan Assassin, began the quest for the Orb.
     0 | D:1      | Reached XP level 1. HP: 10/10 MP: 2/2
    40 | D:1      | Reached skill level 6 in Stealth
   100 | D:1      | Reached XP level 2. HP: 14/14 MP: 4/4
   305 | D:1      | Reached skill level 7 in Stealth
   662 | D:3      | Reached XP level 3. HP: 2/18 MP: 6/6
   963 | D:3      | Found a deep blue altar of Sif Muna.
  1123 | D:4      | Noticed Faustar's ghost (experienced DDFi)
  1235 | D:4      | Reached skill level 8 in Stealth
  1470 | D:4      | Reached XP level 4. HP: 22/22 MP: 8/8
  1510 | D:4      | Found a staircase to the Ecumenical Temple.
  1517 | Temple   | Entered the Ecumenical Temple
  1622 | Temple   | Became a worshipper of Dithmengos
  3802 | D:4      | Slain by Faustar's ghost

Action                   |  1- 3 |  4- 6 || total
-------------------------+-------+-------++-------
Melee: Dagger            |    80 |    26 ||   106
  Use: Potion            |     3 |     1 ||     4
 Stab: Sleeping          |    12 |     1 ||    13
